Map: Ulrena

Players

Miltreta

  • Race: Terran Terran
  • League: Bronze

Salocin - Winner!

  • Race: Protoss Protoss
  • League: Bronze

VOD

Have the link to the VOD?

Description

Time

  • Played on: March 17, 2016, 9:52 a.m.
  • Length: 32:04
Show
View Real Time Build Order
Export as new Build Order

Miltreta Terran 

Build Orders: MMM Bio 

Get SALT Encoding   

  12  0:01  SCV  
  13  0:13  SCV  
  14  0:23  Supply Depot  
  14  0:25  SCV  
  15  0:29  Refinery  
  15  0:46  Barracks, SCV  
  16  0:58  SCV  
  16  1:03  Refinery  
  17  1:10  SCV  
  18  1:16  Supply Depot  
  18  1:29  SCV  
  19  1:36  Factory  
  19  1:55  Orbital Command  
  19  2:04  Barracks Reactor  
  19  2:21  Hellion  
  19  2:22  SCV  
  22  2:30  Starport  
  22  2:58  Barracks Tech Lab  
  22  2:59  Starport  
  22  3:01  Barracks  
  22  3:04  SCV  
  22  3:05  Engineering Bay  
  23  3:07  Hellion  
  23  3:10  Hellion  
  27  3:42  Hellion x2  
  31  3:52  Starport Tech Lab, Starport Reactor  
  31  3:56  Barracks Reactor  
  31  4:14  Supply Depot x2  
  31  4:29  Widow Mine  
  31  4:31  Widow Mine  
  29  4:59  Banshee  
  28  5:08  SCV  
  29  5:17  Medivac  
  29  5:19  Marine  
  29  5:20  Marine  
  35  5:21  Marauder  
  35  5:22  Command Center  
  35  5:24  Stimpack  
  35  5:35  Hellion  
  37  5:38  SCV  
  37  5:58  Marine  
  37  5:59  Marine  
  37  6:00  Marauder  
  37  6:04  Raven  
  43  6:12  SCV  
  44  6:24  Widow Mine  
  46  6:32  Supply Depot  
  46  6:33  Widow Mine  
  46  6:37  Orbital Command  
  48  6:46  SCV  
  49  6:56  Viking x2  
  53  7:12  Starport  
  53  7:18  Supply Depot  
  53  7:25  Marine x2  
  53  7:27  Barracks  
  55  7:38  Viking x2  
  55  7:39  SCV x2  
  61  7:44  Refinery  
  61  7:46  Refinery  
  61  7:47  Marine x3  
  64  7:52  Starport Reactor  
  64  7:53  Widow Mine  
  64  7:54  Widow Mine  
  68  8:04  Combat Shields  
  68  8:08  Terran Infantry Weapons Level 1  
  68  8:16  Armory, Command Center  
  68  8:20  Barracks Reactor  
  68  8:30  SCV x2  
  65  9:03  Viking x2  
  65  9:04  Raven  
  65  9:07  Viking x2  
  75  9:16  Refinery  
  75  9:25  Marine  
  75  9:26  Marine  
  75  9:27  Marine  
  75  9:28  Widow Mine x2  
  82  9:37  Supply Depot  
  82  9:39  SCV x2  
  82  9:43  Supply Depot  
  84  10:09  SCV x3  
  87  10:16  Marine x2  
  87  10:20  Marine x2  
  91  10:23  Viking x2  
  91  10:24  Raven  
  97  10:38  Explosive Shrapnel Shells  
  97  10:57  SCV x3  
  100  11:14  Orbital Command  
  100  11:15  Marine x3  
  100  11:16  Marine  
  100  11:18  Banshee  
  104  11:21  Viking  
  109  11:28  Viking x3  
  109  11:31  Supply Depot  
  115  11:32  Supply Depot  
  115  11:35  Supply Depot  
  115  11:47  Widow Mine  
  115  11:52  Widow Mine  
  119  11:59  Supply Depot  
  119  12:00  Supply Depot x2  
  119  12:01  Terran Ship Weapons Level 1, Banshee  
  119  12:03  Terran Infantry Weapons Level 2  
  119  12:08  SCV x2  
  123  12:09  SCV  
  125  12:36  Marine x2  
  125  12:37  Marine x2  
  127  12:40  Viking x2  
  133  12:53  Cloaking Field  
  133  13:04  Medivac x2  
  137  13:24  Refinery  
  137  13:25  SCV x2, Refinery  
  137  13:26  SCV  
  140  13:29  Marine x3  
  140  13:30  Marine  
  140  13:32  Viking x2  
  148  13:55  Supply Depot  
  148  13:56  Terran Ship Weapons Level 2  
  148  13:57  Supply Depot  
  148  13:58  Supply Depot  
  148  14:19  Terran Infantry Armor Level 1, Raven  
  148  14:21  Viking x3  
  148  14:22  Marine, Viking  
  159  14:24  Marauder  
  159  14:26  Marine  
  162  14:34  Corvid Reactor  
  162  14:46  Marauder  
  162  14:47  SCV  
  162  14:48  SCV  
  166  15:02  Command Center  
  71  15:59  Marine x4  
  71  16:00  Marine  
  71  16:01  Viking x5  
  84  16:17  Marine  
  85  16:23  Starport  
  85  16:27  Starport  
  85  16:31  Viking x4  
  85  16:32  Starport  
  93  16:34  Viking  
  95  16:40  Refinery  
  95  17:01  Viking x3  
  99  17:03  Refinery  
  101  17:18  Viking  
  101  17:19  Raven  
  105  17:31  Orbital Command  
  105  17:33  Viking  
  105  17:34  Viking x2  
  111  17:41  Starport Tech Lab  
  111  17:42  Starport Tech Lab  
  111  17:44  Starport Reactor  
  111  18:02  Raven  
  113  18:05  Command Center  
  113  18:14  Viking x2  
  113  18:15  Viking x2  
  113  18:16  Raven  
  113  18:17  Raven  
  125  18:38  Armory  
  125  18:39  Refinery x2  
  125  18:50  Viking  
  125  18:51  Viking x5  
  137  19:22  Viking  
  137  19:23  Viking x4  
  147  19:24  Viking  
  107  19:51  Viking x2  
  82  19:52  Viking  
  82  19:53  Viking  
  66  20:20  Viking  
  69  20:21  Viking  
  58  20:47  Viking  
  57  20:51  Viking  
  44  26:00  Supply Depot  
  44  26:01  Supply Depot  
  44  26:03  Supply Depot  
  44  26:06  Supply Depot  
  44  26:07  Supply Depot  
  44  26:08  Supply Depot x2  
  44  26:10  Supply Depot  
  44  26:31  Barracks  
  44  27:00  Refinery  
  44  27:01  Supply Depot  
  44  27:03  Supply Depot x3  
  44  27:04  Supply Depot x2  
  44  27:05  Supply Depot  
  44  27:06  Supply Depot  
  44  27:08  Supply Depot  
  44  27:09  Supply Depot  
  44  27:16  Refinery  
  44  27:26  Factory  
  44  27:38  Supply Depot  
  44  27:40  Supply Depot  
  44  27:42  Supply Depot  
  44  28:10  Command Center  
  44  28:14  Factory  
  44  28:20  Starport  
  44  28:21  Starport  
  44  28:27  Starport  
  44  28:29  Starport  
  44  28:34  Starport  
  29  28:57  Orbital Command  
  29  29:04  Starport  
  29  29:09  Starport  
  19  29:10  Starport  
  19  29:11  Starport x2  
  19  29:12  Barracks  
  19  29:13  Barracks  
  19  29:15  Starport  
  18  29:26  Supply Depot  
  18  29:55  Barracks  
  18  29:56  Barracks  
  18  30:03  Starport Reactor  
  18  30:04  Starport Reactor  
  18  30:05  Starport Reactor, Starport Tech Lab  
  18  30:07  Starport Tech Lab x2  
Show
View Real Time Build Order
Export as new Build Order

Salocin Protoss - Winner!

Build Orders:  

Get SALT Encoding   

  12  0:03  Probe (Chrono Boost)  
  13  0:13  Probe (Chrono Boost)  
  14  0:30  Pylon  
  14  0:38  Probe (Chrono Boost)  
  15  0:44  Assimilator  
  15  0:49  Probe (Chrono Boost)  
  16  0:55  Assimilator  
  16  1:03  Forge  
  16  1:06  Gateway  
  16  1:14  Pylon  
  16  1:27  Probe (Chrono Boost)  
  17  1:42  Photon Cannon  
  17  1:43  Photon Cannon  
  17  1:51  Assimilator  
  17  1:55  Assimilator  
  17  1:59  Zealot (Chrono Boost)  
  17  2:00  Probe  
  20  2:20  Probe  
  21  2:23  Zealot (Chrono Boost)  
  23  2:32  Gateway, Probe  
  24  3:00  Pylon  
  24  3:02  Pylon  
  24  3:05  Probe  
  25  3:06  Pylon  
  25  3:17  Probe  
  26  3:29  Probe  
  27  3:40  Zealot (Chrono Boost)  
  31  3:44  Zealot (Chrono Boost)  
  31  3:45  Nexus  
  31  3:57  Assimilator  
  31  4:00  Assimilator  
  31  4:04  Zealot (Chrono Boost)  
  35  4:11  Zealot (Chrono Boost)  
  35  4:19  Cybernetics Core  
  35  4:26  Photon Cannon  
  35  4:31  Photon Cannon  
  34  5:02  Probe  
  35  5:10  Probe  
  35  5:13  Probe  
  37  5:22  Probe  
  37  5:23  Stargate, Probe  
  37  5:24  Stargate  
  39  5:34  Probe x2  
  35  5:45  Probe  
  35  5:46  Probe  
  31  5:59  Probe  
  31  6:02  Stalker (Chrono Boost)  
  36  6:07  Stalker (Chrono Boost)  
  36  6:11  Void Ray  
  36  6:12  Void Ray  
  44  6:28  Stalker (Chrono Boost)  
  44  6:30  Probe  
  44  6:31  Probe  
  50  6:34  Stalker (Chrono Boost)  
  50  6:42  Probe  
  50  6:43  Probe  
  52  6:54  Probe  
  52  6:55  Stalker (Chrono Boost), Probe  
  52  7:00  Stalker (Chrono Boost)  
  58  7:04  Void Ray x2  
  58  7:06  Probe  
  58  7:07  Probe  
  68  7:18  Probe  
  68  7:19  Probe  
  70  7:38  Pylon  
  70  7:43  Pylon  
  70  7:47  Pylon  
  70  7:51  Pylon  
  70  7:53  Pylon  
  70  7:56  Probe x2, Pylon, Void Ray  
  76  7:59  Pylon  
  76  8:02  Pylon  
  76  8:12  Nexus  
  76  8:15  Assimilator  
  76  8:19  Assimilator  
  76  8:23  Pylon  
  72  8:50  Void Ray x2  
  68  9:20  Stalker x2 (Chrono Boost)  
  68  9:23  Pylon  
  72  9:32  Void Ray  
  72  9:33  Void Ray  
  80  9:50  Probe  
  81  9:55  Probe  
  81  9:58  Probe  
  83  10:00  Probe  
  84  10:07  Probe  
  84  10:10  Probe  
  84  10:11  Probe  
  87  10:15  Void Ray x2  
  87  10:19  Probe  
  87  10:20  Stargate  
  96  10:21  Stargate, Probe  
  96  10:22  Probe  
  96  10:25  Stargate x2  
  98  10:32  Probe  
  99  11:03  Fleet Beacon  
  99  11:07  Protoss Air Weapons Level 1  
  99  11:10  Protoss Ground Weapons Level 1  
  99  11:13  Void Ray x3  
  111  11:20  Void Ray  
  115  12:05  Pylon  
  115  12:07  Pylon  
  115  12:25  Nexus  
  115  12:29  Assimilator  
  115  12:33  Assimilator  
  115  12:37  Pylon  
  115  12:40  Pylon  
  115  12:44  Pylon  
  115  12:53  Void Ray x2  
  115  12:54  Void Ray x4  
  139  13:01  Protoss Air Armor Level 1  
  139  13:13  Pylon  
  139  13:15  Pylon  
  139  13:17  Pylon  
  139  13:19  Pylon  
  139  13:23  Pylon  
  139  13:26  Pylon  
  139  13:29  Pylon  
  139  13:48  Void Ray x3  
  147  13:49  Tempest x2  
  147  13:50  Tempest  
  147  13:53  Probe  
  164  13:57  Probe  
  165  14:04  Probe  
  165  14:07  Probe  
  167  14:14  Probe  
  168  14:18  Probe  
  169  14:25  Probe  
  170  14:35  Probe  
  171  15:12  Tempest x5  
  171  15:13  Tempest  
  111  16:10  Void Ray  
  111  16:11  Void Ray x3  
  119  16:12  Void Ray  
  135  16:35  Mothership Core  
  137  16:42  Photon Cannon  
  136  16:53  Void Ray x2  
  136  16:54  Void Ray x3  
  156  17:04  Void Ray  
  156  17:28  Pylon  
  156  17:31  Pylon  
  156  17:36  Photon Cannon  
  162  17:37  Photon Cannon  
  162  17:47  Void Ray, Photon Cannon  
  162  17:50  Photon Cannon  
  166  17:58  Photon Cannon  
  166  18:03  Photon Cannon  
  166  18:05  Photon Cannon  
  166  18:29  Tempest x3  
  166  18:30  Tempest x3  
  190  18:35  Nexus  
  190  18:38  Assimilator  
  190  18:39  Assimilator  
  190  18:55  Protoss Air Weapons Level 2  
  190  18:58  Protoss Ground Armor Level 1  
  190  19:01  Anion Pulse-Crystals  
  138  20:05  Graviton Catapult  
  122  20:52  Protoss Shields Level 1  
  122  20:56  Robotics Facility  
  122  20:58  Robotics Facility  
  122  21:11  Protoss Air Armor Level 2  
  118  21:43  Nexus  
  118  21:46  Assimilator  
  118  21:48  Assimilator  
  118  22:00  Assimilator  
  118  22:01  Void Ray x2  
  118  22:02  Void Ray x4  
  118  22:05  Assimilator  
  118  22:07  Nexus  
  142  22:20  Observer x2  
  144  22:44  Void Ray x4  
  144  22:45  Void Ray x2  
  164  23:27  Tempest x4  
  164  23:28  Tempest x2  
  188  24:06  Robotics Bay  
  188  24:07  Twilight Council  
  188  24:12  Protoss Air Weapons Level 3  
  188  25:01  Charge  
  188  25:04  Observer Gravitic Boosters  
  188  25:09  Protoss Ground Weapons Level 2  
  188  26:01  Gravitic Drive  
  188  26:07  Colossus x2  
  200  26:41  Resonating Glaives  
  200  26:49  Protoss Air Armor Level 3  
  200  26:56  Assimilator, Nexus  
  200  26:58  Extended Thermal Lance  
  200  26:59  Templar Archives, Assimilator  
  200  27:05  Dark Shrine  
  200  27:25  Protoss Ground Armor Level 2  
  200  27:34  Psionic Storm  
  200  28:21  Blink  
  200  29:26  Warp Gate  
  200  29:41  Protoss Shields Level 2  
Tags
 
Composition
MMM Bio
Matchup
PvT
Add a new tag
Caveats
  • Supply blocks, unpowered buildings, or Contaminate may cause inaccurate times.
  • Supply counts are checked every 10 seconds.